 Dungeon Crawl Stone Soup version 0.19.1 (webtiles) character file.

2866 Dfrag the Thaumaturge (level 9, -9/68 HPs)
             Began as a Naga Conjurer on Nov 28, 2016.
             Was a Believer of Vehumet.
             Mangled by an ogre
             ... wielding a +0 giant spiked club
              (16 damage)
             ... on level 8 of the Dungeon.
             The game lasted 00:15:55 (6903 turns).

Dfrag the Thaumaturge (Naga Conjurer)               Turns: 6903, Time: 00:15:55

Health: -9/68      AC:  8    Str:  9 (11) XL:     9   Next: 75%
Magic:  20/23      EV: 10    Int: 18 (19) God:    Vehumet [**....]
Gold:   443        SH:  0    Dex:  9 (11) Spells: 3 memorised, 20 levels left

rFire  . . .     SeeInvis +     v - +2 mace (protect)
rCold  . . .     Gourm    .     j - +1 robe
rNeg   . . .     Faith    .     (no shield)
rPois  +         Spirit   .     (no helmet)
rElec  .         Reflect  .     u - +0 cloak
rCorr  .         Harm     .     (no gloves)
MR     +....     Clarity  +     (no barding)
Stlth  +.........               (no amulet)
                                F - ring of poison resistance
                                s - ring of loudness (curse)

@: short of breath, very slow
A: claws 1, stinger 1, yellow scales 1, see invisible, clarity, deformed body,
deterioration 1, poison resistance, slowness 2, slow metabolism 1, spit poison
2, subdued magic 1, MP-powered wands, AC +3
a: Breathe Poison Gas, Renounce Religion


You were on level 8 of the Dungeon.
You worshipped Vehumet.
Vehumet was pleased with you.
You were not hungry.

You visited 1 branch of the dungeon, and saw 8 of its levels.
You also visited: Sewer.

You collected 443 gold pieces.

Inventory:

Hand Weapons
 v - a +2 mace of protection (weapon)
 y - a +1 glaive of venom
 M - a +1 flail of crushing
Armour
 a - a +0 robe
 j - a +1 robe (worn)
 u - a +0 cloak (worn)
Jewellery
 s - a cursed ring of loudness (left claw)
 F - a ring of poison resistance (right claw)
Wands
 n - a wand of iceblast (7/15)
 C - a wand of teleportation (4/9)
 D - a wand of slowing (37/48)
Scrolls
 d - 6 scrolls of identify
 f - 3 scrolls of immolation {unknown}
 g - 7 scrolls of teleportation
 i - 3 scrolls of remove curse {unknown}
 l - 2 scrolls of magic mapping {unknown}
 m - 2 scrolls of fog {unknown}
 r - 2 scrolls of enchant armour {unknown}
 B - a scroll of enchant weapon {unknown}
 E - a scroll of holy word {unknown}
 G - a scroll of blinking {unknown}
 I - a scroll of torment {unknown}
Potions
 e - 3 potions of haste
 h - a potion of lignification
 o - 2 potions of might
 p - a potion of degeneration
 t - 2 potions of curing
Books
 b - a book of Conjurations

   Spells                             Type                      Level
   a - Magic Dart                     Conjuration                  1
   b - Searing Ray                    Conjuration                  2
   c - Dazzling Spray                 Conjuration/Hexes            3
   d - Fulminant Prism                Conjuration/Hexes            4
   e - Iskenderun's Mystic Blast      Conjuration                  4
   f - Iskenderun's Battlesphere      Conjuration/Charms           5
 w - a book of Misfortune

   Spells                             Type                      Level
   a - Confusing Touch                Hexes                        1
   b - Confuse                        Hexes                        3
   c - Gell's Gravitas                Hexes/Translocation          3
   d - Petrify                        Transmutation/Earth          4
   e - Metabolic Englaciation         Hexes/Ice                    5
   f - Yara's Violent Unravelling     Hexes/Transmutation          5
Comestibles
 c - 6 bread rations
 k - 3 chunks of flesh
 q - a royal jelly
 x - a beef jerky
 H - a slice of pizza
 K - a meat ration


   Skills:
 - Level 1.5 Dodging
 - Level 3.0 Stealth
 * Level 10.2 Spellcasting
 + Level 8.4 Conjurations


You had 20 spell levels left.
You knew the following spells:

 Your Spells              Type           Power        Failure   Level  Hunger
a - Magic Dart            Conj           ####         1%          1    None
b - Searing Ray           Conj           ####..       1%          2    None
c - Iskenderun's Battles  Conj/Chrm      ###.....     36%         5    #####..


Dungeon Overview and Level Annotations

Branches:
Dungeon (8/15)             Temple (0/1) D:7
   Lair: D:8-11

Altars:
Cheibriados
Kikubaaqudgha
Uskayaw
Vehumet
Xom
Zin
The Shining One


Innate Abilities, Weirdness & Mutations

You cannot wear boots.
Your serpentine skin is tough. (AC +3)
You have supernaturally acute eyesight. (SInv)
Armour fits poorly on your strangely shaped body.
Your system is resistant to poisons. (rPois)
You cover ground very slowly.
You have a slow metabolism.
You can exhale a cloud of poison.
You have sharp fingernails.
Your tail ends in a poisonous barb.
You are partially covered in yellow scales. (AC +2)
You possess an exceptional clarity of mind.
Your body sometimes deteriorates upon taking damage.
Your spells are a little easier to cast, but a little less powerful.
You expend magic power (3 MP) to strengthen your wands.


Message History

You exhale a blast of poison gas.
The poison gas hits the ogre.
The ogre is poisoned.
The ogre is lightly wounded.
You feel somewhat more hungry.
The ogre is engulfed in poison gas.
The ogre looks even sicker.
Unknown command.
Casting: Searing Ray
Confirm with . or Enter, or press ? or * to list all spells.
Aiming: Searing Ray
Press: ? - help, Shift-Dir - straight line, f/p - ogre
Aim: an ogre, wielding a giant spiked club (poison gas, lightly wounded, poisoned)
The searing ray hits the ogre.
The ogre is moderately wounded.
The ogre is engulfed in poison gas.
The ogre looks even sicker.
The ogre closely misses you.
The searing ray hits the ogre.
The ogre is heavily wounded.
The ogre is engulfed in poison gas.
The ogre looks as sick as possible!
The ogre hits you with a giant spiked club!
You die...

############
.......@O§§#
#.#.#########.#
........./# #.#
........#Z###.#
........Ooo.#)###..
...../..o.#h#......
.!...##......O.....
###.....###.####...
+.<..............


You could see an ogre.

Vanquished Creatures
  Sigmund (D:2)
  Menkaure (D:6)
  3 sky beasts
  3 ice beasts
  A black bear (D:7)
  2 ogres
  An orc warrior (D:7)
  5 big kobolds
  A howler monkey (D:5)
  2 crimson imps (D:5)
  2 quasits
  A centaur zombie (D:5)
  A hound (D:7)
  4 orc priests
  A jelly (D:7)
  A bullfrog skeleton (D:5)
  Jessica (D:2)
  2 iguanas
  Crazy Yiuf (D:3)
  Terence (D:2)
  10 orc wizards
  6 worker ants
  2 hound skeletons
  A worker ant zombie (D:6)
  A gnoll (D:1)
  9 adders
  2 river rats (Sewer)
  5 oozes
  An adder skeleton (D:6)
  An adder zombie (D:5)
  6 worms
  3 dart slugs
  7 leopard geckos
  23 orcs
  5 ball pythons
  8 bats
  15 giant cockroaches
  11 goblins
  8 hobgoblins
  12 jackals
  13 kobolds
  3 quokkas
  6 frilled lizards
  A leopard gecko skeleton (D:7)
  13 rats
207 creatures vanquished.

Notes
Turn   | Place    | Note
-------+----------+-------------------------------------------
     0 | D:1      | Dfrag the Naga Conjurer began the quest for the Orb.
     0 | D:1      | Reached XP level 1. HP: 15/15 MP: 3/3
   100 | D:1      | Reached XP level 2. HP: 22/22 MP: 5/5
   387 | D:1      | Reached XP level 3. HP: 19/28 MP: 0/7
   416 | D:1      | Reached skill level 3 in Spellcasting
   835 | D:2      | Learned a level 2 spell: Searing Ray
  1000 | D:2      | Noticed Jessica
  1003 | D:2      | Killed Jessica
  1003 | D:2      | Reached XP level 4. HP: 36/36 MP: 5/9
  1067 | D:2      | Noticed Terence
  1073 | D:2      | Killed Terence
  1158 | D:2      | Reached skill level 4 in Spellcasting
  1188 | D:2      | Reached XP level 5. HP: 42/42 MP: 6/11
  1260 | D:2      | Noticed Sigmund
  1269 | D:2      | Killed Sigmund
  1269 | D:2      | Reached skill level 5 in Spellcasting
  1269 | D:2      | Reached skill level 5 in Conjurations
  1269 | D:2      | Reached XP level 6. HP: 49/49 MP: 4/13
  1771 | D:3      | Found a glowing drain.
  1801 | Sewer    | Entered a sewer
  2011 | Sewer    | Reached XP level 7. HP: 55/55 MP: 4/15
  2059 | Sewer    | Reached skill level 6 in Spellcasting
  2603 | D:3      | Found a runed door.
  2607 | D:3      | Noticed Crazy Yiuf
  2611 | D:3      | Killed Crazy Yiuf
  2799 | D:3      | Found a radiant altar of Vehumet.
  2916 | D:3      | Became a worshipper of Vehumet
  3122 | D:4      | Reached skill level 7 in Spellcasting
  3141 | D:4      | Reached XP level 8. HP: 38/62 MP: 10/18
  3533 | D:5      | Entered Level 5 of the Dungeon
  3803 | D:5      | Reached * piety under Vehumet
  3803 | D:5      | Offered knowledge of Shock by Vehumet.
  3818 | D:5      | Reached skill level 8 in Spellcasting
  4170 | D:5      | Gained mutation: Your spells are a little easier to cast, but a little less powerful. [mutagenic meat]
  4171 | D:5      | Gained mutation: Your body sometimes deteriorates upon taking damage. [mutagenic meat]
  4431 | D:5      | Found a glowing golden altar of the Shining One.
  4486 | D:5      | Gained mutation: You can exhale a cloud of poison. [potion of mutation]
  4486 | D:5      | Gained mutation: You are partially covered in yellow scales. (AC +2) [potion of mutation]
  4486 | D:5      | Gained mutation: You have sharp fingernails. [potion of mutation]
  4497 | D:5      | Learned a level 5 spell: Iskenderun's Battlesphere
  4536 | D:5      | Found a snail-covered altar of Cheibriados.
  4838 | D:5      | Reached XP level 9. HP: 63/68 MP: 18/21
  4968 | D:5      | Reached skill level 9 in Spellcasting
  4985 | D:6      | Noticed Menkaure
  5301 | D:6      | Reached ** piety under Vehumet
  5301 | D:6      | Offered knowledge of Freeze by Vehumet.
  5919 | D:6      | Killed Menkaure
  6426 | D:7      | Found a hide-covered altar of Uskayaw.
  6426 | D:7      | Found a glowing silver altar of Zin.
  6426 | D:7      | Found a shimmering altar of Xom.
  6426 | D:7      | Found an ancient bone altar of Kikubaaqudgha.
  6575 | D:7      | Gained mutation: You expend magic power (3 MP) to strengthen your wands. [mutagenic meat]
  6576 | D:7      | Gained mutation: Your tail ends in a poisonous barb. [mutagenic meat]
  6586 | D:7      | Gained mutation: You possess an exceptional clarity of mind. [potion of beneficial mutation]
  6698 | D:7      | Found a staircase to the Ecumenical Temple.
  6722 | D:7      | Reached skill level 10 in Spellcasting
  6768 | D:7      | Offered knowledge of Conjure Flame by Vehumet.
  6879 | D:8      | HP: 2/68 [bullfrog zombie (4)]
  6903 | D:8      | Mangled by an ogre

Skill      XL: |  1  2  3  4  5  6  7  8  9 |
---------------+----------------------------+-----
Spellcasting   | 3 4 5 7 8 10 | 10.2
Conjurations   | 5 6 7 8 |  8.4
Dodging        | |  1.5
Stealth        | |  3.0

Action                   |  1- 3 |  4- 6 |  7- 9 || total
-------------------------+-------+-------+-------++-------
Melee: Unarmed           |     1 |     7 |       ||     8
       Mace              |       |       |    50 ||    50
       Glaive            |       |       |    39 ||    39
 Cast: Magic Dart        |    49 |    81 |   116 ||   246
       Searing Ray       |       |     5 |    74 ||    79
 Abil: Spit Poison       |    13 |    16 |    23 ||    52
       Breathe Poison Ga |       |       |     5 ||     5
  Use: Potion            |     2 |       |    10 ||    12
       Scroll            |       |       |     3 ||     3
  Eat: Chunk             |     1 |     3 |    22 ||    26
Armor: Robe              |     7 |     7 |   130 ||   144
Dodge: Dodged            |    21 |    14 |   193 ||   228
